 Dungeon Crawl Stone Soup version 0.31.0-11-ge490571c62 (webtiles) character file.

Game seed: 8752623307319711466

2043 SmokeWeed the Spear-Bearer (level 9, -11/72 (75) HPs)
             Began as a Hill Orc Fighter on Feb 4, 2024.
             Was an Initiate of Beogh.
             Hit by a javelin thrown by a merfolk javelineer (22 damage)
             ... created by the fury of Okawaru
             ... on level 7 of the Dungeon.
             The game lasted 00:13:31 (5896 turns).

SmokeWeed the Spear-Bearer (Hill Orc Fighter)       Turns: 5896, Time: 00:13:32

HP:   -11/72 (75)   AC: 25    Str: 19    XL:     9   Next: 24%
MP:   9/9           EV:  6    Int: 12    God:    Beogh [......]
Gold: 350           SH:  7    Dex: 10    Spells: 6/8 levels left

rFire   + . .        a - +0 trident (freeze)
rCold   . . .        C - +2 buckler
rNeg    . . .        c - +2 plate armour {rF+}
rPois   .            y - +1 hat
rElec   .            (no cloak)
rCorr   .            (no gloves)
SInv    .            D - +0 pair of boots
Will    .....        (no amulet) Stlth
                     s - +4 ring of protection
HPRegen 0.32/turn    v - +4 ring of protection
MPRegen 0.11/turn

%: no passive effects
@: mighty, lightly drained
A: no striking features
a: Renounce Religion


You were on level 7 of the Dungeon.
You worshipped Beogh.
Beogh was noncommittal.
You visited 1 branch of the dungeon, and saw 7 of its levels.

You collected 490 gold pieces.
You spent 140 gold pieces at shops.

Inventory:

Hand Weapons
 a - a +0 trident of freezing (weapon)
 k - a +0 scythe
 A - a +0 heavy hand axe
 G - a +3 short sword of draining
Missiles
 j - 7 poisoned darts
 B - 2 boomerangs
Armour
 c - a +2 plate armour of fire resistance (worn)
 g - a +2 ring mail of poison resistance
 n - a +2 pair of boots
 y - a +1 hat (worn)
 C - a +2 buckler (worn)
 D - a +0 pair of boots (worn)
Jewellery
 s - a +4 ring of protection (left hand)
 v - a +4 ring of protection (right hand)
Wands
 t - a wand of polymorph (11)
 w - a wand of paralysis (10)
Scrolls
 b - a scroll of blinking
 f - 2 scrolls of noise
 h - 2 scrolls of poison
 l - a scroll of fear
 q - 3 scrolls of identify
 r - a scroll of immolation {unknown}
 u - a scroll of fog {unknown}
 x - 3 scrolls of teleportation
 H - a scroll of amnesia {unknown}
Potions
 d - a potion of might
 e - a potion of degeneration {unknown}
 i - a potion of ambrosia {unknown}
 m - 6 potions of curing {unknown}
 o - a potion of heal wounds {unknown}
 p - a potion of mutation {unknown}
 E - a potion of lignification {unknown}
 F - a potion of haste {unknown}


   Skills:
 + Level 6.1 Fighting
 + Level 8.7 Polearms
 + Level 0.3 Throwing
 + Level 6.1 Armour
 + Level 3.7 Dodging
 + Level 0.5 Stealth
 + Level 5.3 Shields
 + Level 1.2 Unarmed Combat
 + Level 0.1 Invocations


You had 6 spell levels left.
You knew the following spells:

 Your Spells              Type           Power      Damage    Failure   Level
a - Blink                 Tloc           0%         N/A       100%        2

Your spell library contained the following spells:

 Spells                   Type           Power      Damage    Failure   Level
 Cigotuvi's Dreadful Rot  Necr/Alch/Air  0%         N/A       100%        2
 Lesser Beckoning         Tloc           0%         N/A       100%        2
 Momentum Strike          Conj/Tloc      0%         3d8       100%        2
 Sublimation of Blood     Necr           0%         N/A       100%        2
 Ignite Poison            Fire/Alch      0%         N/A       100%        4
 Petrify                  Alch/Erth      0%         N/A       100%        4
 Freezing Cloud           Conj/Ice/Air   0%         6-21      100%        5
 Irradiate                Conj/Alch      0%         3d11      100%        5
 Malign Gateway           Summ/Tloc      0%         N/A       100%        7
 Summon Horrible Things   Summ           0%         N/A       100%        8


Dungeon Overview and Level Annotations

Branches:
Dungeon (7/15)             Temple (0/1) D:5

Altars:
Ashenzari
Cheibriados
Dithmenos
Nemelex Xobeh
Okawaru
Qazlal
Xom
Zin

Shops:
D:4 *   D:6 (   D:7 *


Message History

Throw: 2 javelins
Press: ? - help, Q - select action, (/) - cycle Shift-Dir - straight line, f/p - merfolk
Aim: a merfolk, wielding a +0 trident and quivering boomerangs (lightly wounded, durably summoned, 47% to hit)
You throw a javelin.
The javelin closely misses the merfolk javelineer.
The javelin closely misses the merfolk.
The javelin pierces through the minotaur but does no damage.
The javelin pierces through the merfolk!
The merfolk is heavily wounded.
The merfolk javelineer throws a javelin.
The javelin pierces through you.
Throw: javelin
Press: ? - help, Q - select action, (/) - cycle Shift-Dir - straight line, f/p - merfolk
Aim: a merfolk, wielding a +0 trident and quivering boomerangs (lightly wounded, durably summoned, 47% to hit)
You throw a javelin.
The javelin pierces through the merfolk javelineer but does no damage.
The merfolk javelineer is lightly wounded.
The javelin pierces through the merfolk.
The merfolk is lightly wounded.
The javelin pierces through the minotaur but does no damage.
The javelin closely misses the merfolk.
The merfolk javelineer throws a javelin.
The javelin pierces through you.
The merfolk javelineer throws a javelin.
The javelin pierces through you!
* * * LOW HITPOINT WARNING * * *
The merfolk hits you but does no damage.
The merfolk javelineer throws a javelin.
The javelin pierces through you.
* * * LOW HITPOINT WARNING * * *
You barely miss the merfolk javelineer.
The merfolk javelineer is lightly wounded.
You block the merfolk's attack.
The merfolk javelineer hits you but does no damage.
You puncture the merfolk javelineer! You freeze the merfolk javelineer.
The merfolk javelineer is moderately wounded.
The merfolk completely misses you.
The merfolk javelineer throws a javelin.
The javelin pierces through you!!
You die...

#.#.###############.####
##.#.....................
#.m..# .....######.###.
###..####.....# ###.###.
#)Hm..m# ........
#..###H# ###.###. #..#
#m# #...... #..# #m#
#....#. #..# #@# ........
#..# #.# ##...... #..#
#........ +...... #..#
######.## #...... #......
#......


You could see a minotaur, a merfolk javelineer and 2 merfolk.

Vanquished Creatures
  A troll (D:5)
  Sigmund (D:2)
  A wraith (D:7)
  Eustachio (D:4)
  Edmund (D:5)
  Menkaure (D:5)
  2 ice beasts (D:5)
  2 ogres
  A centaur (D:6)
  2 phantoms (D:6)
  Blork the orc (D:5)
  A bullfrog (D:4)
  2 scorpions
  3 killer bees (D:7)
  2 hounds (D:5)
  An orc priest (D:4)
  2 jellies
  4 iguanas
  2 orc wizards
  6 gnolls
  5 adders
  3 dart slugs
  A ribbon worm (D:2)
  23 orcs
  8 ball pythons
  3 endoplasms
  5 giant cockroaches
  14 goblins
  7 hobgoblins
  2 jackals (D:3)
  3 kobolds
  3 quokkas
  9 bats
  3 frilled lizards
  7 rats
133 creatures vanquished.

Notes
Turn   | Place    | Note
-------+----------+-------------------------------------------
     0 | D:1      | SmokeWeed the Hill Orc Fighter began the quest for the Orb.
     0 | D:1      | Reached XP level 1. HP: 19/19 MP: 1/1
   175 | D:1      | Reached XP level 2. HP: 27/27 MP: 2/2
   368 | D:1      | Reached XP level 3. HP: 33/33 MP: 3/3
   916 | D:2      | Noticed Sigmund
   926 | D:2      | Killed Sigmund
   927 | D:2      | Reached skill level 4 in Polearms
   927 | D:2      | Reached XP level 4. HP: 41/41 MP: 4/4
   927 | D:2      | Reached XP level 5. HP: 47/47 MP: 5/5
  1463 | D:2      | Reached XP level 6. HP: 52/53 MP: 6/6
  1536 | D:3      | Reached skill level 1 in Dodging
  1622 | D:3      | Reached skill level 5 in Polearms
  2040 | D:4      | Found an iron altar of Okawaru.
  2066 | D:4      | Became a worshipper of Warmaster Okawaru
  2342 | D:4      | Found Lamuudwe's Assorted Antiques.
  2447 | D:4      | Bought a glass ring for 140 gold pieces
  2468 | D:4      | Reached XP level 7. HP: 60/60 MP: 7/7
  2469 | D:4      | Found a glowing silver altar of Zin.
  2469 | D:4      | Found a sparkling altar of Nemelex Xobeh.
  2475 | D:4      | Reached skill level 5 in Fighting
  2479 | D:4      | Found a shimmering altar of Xom.
  2482 | D:4      | Found a stormy altar of Qazlal.
  2484 | D:4      | Found a snail-covered altar of Cheibriados.
  2485 | D:4      | Noticed Eustachio
  2520 | D:4      | Killed Eustachio
  2521 | D:4      | Reached skill level 6 in Polearms
  2568 | D:4      | Found a broken altar of Ashenzari.
  3151 | D:4      | Reached * piety under Okawaru
  3221 | D:5      | Entered Level 5 of the Dungeon
  3319 | D:5      | Reached skill level 5 in Armour
  3319 | D:5      | Reached XP level 8. HP: 55/69 MP: 8/8
  3398 | D:5      | Noticed Menkaure
  3400 | D:5      | Noticed a troll
  3409 | D:5      | HP: 3/69 [ice beast (14)]
  3418 | D:5      | Killed a troll
  3419 | D:5      | Reached ** piety under Okawaru
  3423 | D:5      | Killed Menkaure
  3424 | D:5      | Reached skill level 1 in Unarmed Combat
  4049 | D:5      | Found a staircase to the Ecumenical Temple.
  4049 | D:5      | Noticed Blork the orc
  4055 | D:5      | Killed Blork the orc
  4103 | D:5      | Found a shadowy altar of Dithmenos.
  4168 | D:5      | Noticed Edmund
  4190 | D:5      | Killed Edmund
  4191 | D:5      | Reached skill level 7 in Polearms
  4280 | D:6      | Learned a level 2 spell: Blink
  4902 | D:6      | Found Zohytu's Weapon Boutique.
  4988 | D:6      | Reached skill level 5 in Shields
  5308 | D:7      | Reached skill level 8 in Polearms
  5342 | D:7      | Reached XP level 9. HP: 75/75 MP: 9/9
  5461 | D:7      | Found Ahemil's General Store.
  5532 | D:7      | Fell from the grace of Okawaru
  5532 | D:7      | Became a worshipper of Beogh the Brigand
  5875 | D:7      | Noticed a minotaur
  5875 | D:7      | Noticed a merfolk javelineer
  5875 | D:7      | Noticed a merfolk
  5875 | D:7      | Noticed a merfolk
  5896 | D:7      | Hit by a javelin thrown by a merfolk javelineer

Illustrated notes

Levels and vault maps discovered:
D:1:      minmay_arrival_wavy_path, layout_basic, st_stairs_6
D:2:      layout_basic, uniq_sigmund
D:3:      layout_basic
D:4:      layout_basic, nicolae_overflow_hallway_of_the_gods,
          amcnicky_altar_gilded, serial_shops, nicolae_shop_overgrown_old_shop,
          uniq_eustachio
D:5:      layout_loops_ring, nicolae_dithmenos_through_a_glass_darkly,
          minmay_temple_entry_large_hall, minmay_chambers_of_fives,
          uniq_menkaure, uniq_edmund, uniq_blork_the_orc
D:6:      layout_loops_corners, serial_shops, nicolae_shop_real_fake_doors
D:7:      layout_basic, serial_shops, nicolae_shop_advertising_works
          [nicolae_subvault_shop_adworks], minmay_microvault

Skill      XL: |  1  2  3  4  5  6  7  8  9 |
---------------+----------------------------+-----
Fighting       | 4 5 6 |  6.1
Polearms       | 4 5 6 8 |  8.7
Armour         | 4 5 6 |  6.1
Shields        | 4 5 |  5.3
Dodging        | 1 2 3 |  3.7
Unarmed Combat | 1 |  1.2
Throwing       | |  0.3
Stealth        | |  0.5
Invocations    | |  0.1

Action                     |  1- 3 |  4- 6 |  7- 9 || total
---------------------------+-------+-------+-------++-------
  Melee: Trident           |   114 |   163 |   257 ||   534
         Unarmed           |       |       |    18 ||    18
  Throw: Dart              |       |     4 |     2 ||     6
         Javelin           |       |       |     6 ||     6
         Boomerang         |       |       |     3 ||     3
 Invoke: Heroism           |       |       |     1 ||     1
         Convert to Beogh  |       |       |     1 ||     1
    Use: Scroll            |     4 |     4 |       ||     8
         Potion            |     1 |       |     2 ||     3
 Armour: Scale mail        |    20 |       |       ||    20
         Ring mail         |    33 |    94 |    99 ||   226
         Skin              |       |       |    29 ||    29
         Plate armour      |       |       |    81 ||    81
  Dodge: Dodged            |    26 |    75 |   198 ||   299
  Block: Buckler           |    22 |    25 |    49 ||    96
